 Dungeon Crawl Stone Soup version 0.24.0-37-gcf1ca852f1 (webtiles) character file.

Game seed: 7045416561035880597, levelgen mode: deterministic

1026 PentaManta the Carver (level 8, -8/52 HPs)
             Began as an Octopode Fighter on Dec 5, 2019.
             Was an Initiate of Dithmenos.
             Splashed by a jelly's acid (9 damage)
             ... on level 6 of the Dungeon.
             The game lasted 00:09:51 (5276 turns).

PentaManta the Carver (Octopode Fighter)            Turns: 5276, Time: 00:09:54

Health: -8/52      AC: -3    Str: 15    XL:     8   Next: 23%
Magic:  8/8        EV: 12    Int: 10    God:    Dithmenos [......]
Gold:   278        SH:  9    Dex: 16    Spells: 7/7 levels left

rFire    . . .     SeeInvis .   h - +2 dagger (drain)
rCold    + . .     Gourm    .   b - +0 shield
rNeg     . . .     Faith    .   (helmet restricted)
rPois    .         Spirit   .   (no amulet)
rElec    .         Reflect  .   g - +2 ring of dexterity
rCorr    .         Harm     .   q - ring of protection from cold
MR       .....                  (no ring)
Stlth    +++.......             (no ring)
HPRegen  0.17/turn              (no ring)
MPRegen  0.11/turn              (no ring)
                                (no ring)
                                (no ring)

@: corroded, hasted, very quick
A: almost no armour, stealthy swim, amphibious, 8 rings, constrict 8, camouflage
1, gelatinous body 1
a: Renounce Religion


You were on level 6 of the Dungeon.
You worshipped Dithmenos.
Dithmenos was noncommittal.
You were not hungry.

You visited 1 branch of the dungeon, and saw 6 of its levels.

You collected 278 gold pieces.

Inventory:

Hand Weapons
 a - a +0 long sword
 h - a +2 dagger of draining (weapon)
 s - a +4 short sword
 w - a +1 dagger of freezing
Missiles
 u - 10 poisoned darts (quivered)
 v - 5 curare-tipped darts
Armour
 b - a +0 shield (worn)
Jewellery
 g - a +2 ring of dexterity (left tentacle)
 q - a ring of protection from cold (right tentacle)
 x - a +2 amulet of reflection {unknown}
Wands
 A - a wand of disintegration (9)
Scrolls
 k - 6 scrolls of remove curse
 p - a scroll of enchant armour {unknown}
 r - a scroll of blinking {unknown}
 y - 6 scrolls of identify
 z - 2 scrolls of random uselessness {unknown}
 D - a scroll of enchant weapon
Potions
 c - a potion of might
 e - 3 potions of agility
 i - 4 potions of curing {unknown}
 j - 4 potions of mutation {unknown}
 l - a potion of haste
 m - 3 potions of flight {unknown}
 n - a potion of heal wounds {unknown}
 o - a potion of brilliance {unknown}
 t - a potion of lignification {unknown}
 B - a potion of invisibility {unknown}
Comestibles
 d - 11 rations


   Skills:
 + Level 3.2 Fighting
 + Level 9.2 Long Blades
 + Level 3.2 Dodging
 + Level 1.3 Stealth
 + Level 3.2 Shields


You had 7 spell levels left.
You didn't know any spells.
Your spell library contained the following spells:

 Spells                   Type           Power        Failure   Level  Hunger
 Confusing Touch          Hex            #.....       86%         1    ##.....
 Confuse                  Hex            #.......     99%         3    ####...
 Gell's Gravitas          Tloc           #.........   99%         3    ####...
 Petrify                  Tmut/Erth      #.......     100%        4    #####..
 Metabolic Englaciation   Hex/Ice        #.........   100%        5    ######.
 Yara's Violent Unravell  Hex/Tmut       #.........   100%        5    ######.


Dungeon Overview and Level Annotations

Branches:
Dungeon (6/15)
 Temple: D:4-7

Altars:
Cheibriados
Dithmenos
Fedhas
Kikubaaqudgha
Nemelex Xobeh
Xom

Annotations:
D:3 exclusion: hippogriff


Innate Abilities, Weirdness & Mutations

You cannot wear most types of armour.
You are very stealthy in the water. (Stealth+)
You are amphibious.
You can wear up to eight rings at the same time.
You can use your tentacles to constrict eight enemies at once.
Your skin changes colour to match your surroundings (Stealth+).
Your rubbery body absorbs attacks. (AC +1, EV +1)


Message History

The orc wizard hits you with a +0 dagger.
The jelly hits you but does no damage. The jelly hits you.
The acid corrodes you!
You are splashed with acid!
* * * LOW HITPOINT WARNING * * *
As you read the scroll labeled WEPEYF WOMUA, it crumbles to dust.
You hear a loud clanging noise!
It was a scroll of noise.
You hear a shout! x5; You hear an angry hiss.
The orc misses you. The jelly hits you.
* * * LOW HITPOINT WARNING * * *
You are splashed with acid!
* * * LOW HITPOINT WARNING * * *
It was a potion of haste.
You feel yourself speed up. The orc barely misses you.
The orc wizard gestures wildly while chanting.
The orc wizard flickers and vanishes!
The worker ant closely misses you. The jelly hits you.
* * * LOW HITPOINT WARNING * * *
You are splashed with acid!
You die...

#........#
#........#
#........#
#........# .
#....##### ..
#....#####...
#............
#............
###@a........
#oJZ.....##
#{.o....##
#o.)...##
#......#
..........
........#..
..?####..##..
.... ... #.


You could see a jelly, a worker ant, 3 orcs and a bullfrog zombie.

Vanquished Creatures
  Menkaure (D:5)
  Edmund (D:6)
  2 phantoms
  A centaur (D:5)
  A big kobold (D:4)
  A scorpion (D:3)
  A hound (D:4)
  An orc priest (D:6)
  2 orc wizards (D:4)
  A bullfrog skeleton (D:4)
  A centaur skeleton (D:5)
  2 worker ants
  A howler monkey zombie (D:5)
  A howler monkey skeleton (D:4)
  4 adders
  A shadow imp (D:5)
  An ooze (D:3)
  2 adder skeletons (D:4)
  3 worms
  A dart slug (D:1)
  4 leopard geckos
  14 orcs
  2 ball pythons
  3 bats
  A bat zombie (D:3)
  3 giant cockroaches
  5 goblins
  5 hobgoblins (D:3)
  11 jackals
  26 kobolds
  3 quokkas
  3 frilled lizards
  A jackal skeleton (D:4)
  A leopard gecko zombie (D:5)
  7 rats
118 creatures vanquished.

Vanquished Creatures (others)
  2 plants (D:4)
2 creatures vanquished.

Grand Total: 120 creatures vanquished

Notes
Turn   | Place    | Note
-------+----------+-------------------------------------------
     0 | D:1      | PentaManta the Octopode Fighter began the quest for the
                  | Orb.
     0 | D:1      | Reached XP level 1. HP: 16/16 MP: 1/1
   465 | D:1      | Reached XP level 2. HP: 21/21 MP: 2/2
   510 | D:1      | Reached skill level 3 in Long Blades
   735 | D:1      | Reached XP level 3. HP: 26/26 MP: 3/3
   799 | D:2      | Found a snail-covered altar of Cheibriados.
   874 | D:2      | Reached skill level 4 in Long Blades
  1150 | D:2      | Found a sparkling altar of Nemelex Xobeh.
  1271 | D:3      | Reached XP level 4. HP: 29/31 MP: 4/4
  1422 | D:3      | Found an ancient bone altar of Kikubaaqudgha.
  1580 | D:3      | Reached skill level 5 in Long Blades
  1580 | D:3      | Reached XP level 5. HP: 26/36 MP: 5/5
  1671 | D:3      | Noticed a hippogriff
  2080 | D:4      | Noticed a big kobold
  2096 | D:4      | Killed a big kobold
  2096 | D:4      | Reached skill level 6 in Long Blades
  2096 | D:4      | Reached XP level 6. HP: 34/42 MP: 6/6
  2482 | D:4      | Reached skill level 7 in Long Blades
  2652 | D:4      | Found a shimmering altar of Xom.
  2778 | D:4      | Noticed a phantom
  2815 | D:4      | Killed a phantom
  2815 | D:4      | Reached XP level 7. HP: 23/46 MP: 7/7
  3440 | D:5      | Entered Level 5 of the Dungeon
  3761 | D:5      | Reached skill level 8 in Long Blades
  4302 | D:5      | Found a blossoming altar of Fedhas.
  4365 | D:5      | Noticed Menkaure
  4650 | D:5      | Killed Menkaure
  4858 | D:6      | Noticed Edmund
  4874 | D:6      | Killed Edmund
  4874 | D:6      | Reached skill level 9 in Long Blades
  4874 | D:6      | Reached XP level 8. HP: 41/52 MP: 8/8
  4922 | D:6      | Reached skill level 1 in Stealth
  5095 | D:6      | Found a shadowy altar of Dithmenos.
  5172 | D:6      | Became a worshipper of Dithmenos the Shadowed
  5275 | D:6      | HP: 2/52 [acid (7)]
  5276 | D:6      | Splashed by a jelly's acid

Levels and vault maps discovered:
D:1:      mainiacjoe_arrival_reflecting_pool, layout_rooms
D:2:      layout_rooms, lemuel_crystal_altar, nemelex_altar_shiori,
          first_ration, dk_noncrumbling_2
D:3:      minmay_spotlight, layout_rooms, lemuel_zombie_altar_kikubaaqudgha
D:4:      kennysheep_kobold_camp, layout_basic, old_standard_altar
D:5:      layout_basic, overflow_temple_1_default, uniq_menkaure
D:6:      layout_basic, nicolae_dithmenos_through_a_glass_darkly,
          lemuel_round_altar, uniq_edmund

Skill      XL: |  1  2  3  4  5  6  7  8 |
---------------+-------------------------+-----
Long Blades    | 3 4 5 6 7 9 |  9.2
Stealth        | 1 |  1.3
Fighting       | |  3.2
Dodging        | |  3.2
Shields        | |  3.2

Action                   |  1- 3 |  4- 6 |  7- 9 || total
-------------------------+-------+-------+-------++-------
Melee: Dagger            |    53 |   113 |    59 ||   225
       Long sword        |     5 |       |       ||     5
       Constrict         |    18 |    32 |    15 ||    65
       Tentacles         |    12 |    27 |    19 ||    58
       Short sword       |       |    19 |    26 ||    45
  Use: Scroll            |     4 |       |     2 ||     6
       Potion            |       |     1 |     2 ||     3
 Stab: Sleeping          |     4 |     7 |     2 ||    13
  Eat: Chunk             |       |     5 |     5 ||    10
       Ration            |       |       |     1 ||     1
Armor: Skin              |     1 |     3 |     2 ||     6
Dodge: Dodged            |    21 |    45 |    36 ||   102
Block: Shield            |    20 |    63 |    29 ||   112
       Rpst.: Long sword |     1 |       |       ||     1
